 Dungeon Crawl Stone Soup version 0.21.1-1-g345015f (webtiles) character file.

543 vatarom the Shield-Bearer (level 7, -5/55 HPs)
             Began as a Formicid Fighter on Mar 26, 2018.
             Killed by nerve-wracking pain
             ... invoked by Grinder
              (6 damage)
             ... on level 4 of the Dungeon.
             The game lasted 00:04:32 (2632 turns).

vatarom the Shield-Bearer (Formicid Fighter)        Turns: 2632, Time: 00:04:33

Health: -5/55      AC: 11    Str: 28    XL:     7   Next: 52%
Magic:  7/7        EV:  9    Int: 12    God:
Gold:   138        SH: 11    Dex: 12    Spells: 6/6 levels left

rFire    + . .     SeeInvis +   a - +0 war axe
rCold    + . .     Gourm    .   c - +0 shield
rNeg     . . .     Faith    .   b - +1 scale mail
rPois    +         Spirit   .   (helmet unavailable)
rElec    +         Reflect  .   d - +2 cloak
rCorr    +         Harm     .   (no gloves)
MR       .....                  (no boots)
Stlth    ..........             (no amulet)
HPRegen  0.18/turn              e - ring of flight
MPRegen  0.10/turn              s - +2 ring of strength

@: mighty, brilliant, resistant
A: permanent stasis, dig shafts and tunnels, four strong arms, antennae 3
a: Dig, Shaft Self, Evoke Flight


You were on level 4 of the Dungeon.
You were not hungry.

You visited 1 branch of the dungeon, and saw 4 of its levels.

You collected 138 gold pieces.

Inventory:

Hand Weapons
 a - a +0 war axe (weapon)
Armour
 b - a +1 scale mail (worn)
 c - a +0 shield (worn)
 d - a +2 cloak (worn)
Jewellery
 e - a ring of flight (left hand)
 s - a +2 ring of strength (right hand)
Wands
 q - a wand of iceblast (9)
Scrolls
 i - 3 scrolls of remove curse
 j - a scroll of magic mapping {unknown}
 o - a scroll of enchant weapon {unknown}
 p - a scroll of identify
Potions
 h - a potion of invisibility {unknown}
 k - a potion of degeneration {unknown}
 l - a potion of mutation {unknown}
 m - a potion of flight {unknown}
Comestibles
 f - 5 rations
 u - 2 chunks of flesh


   Skills:
 + Level 4.9 Fighting
 * Level 5.1 Axes
 - Level 3.4 Armour
 * Level 6.5 Shields


You had 6 spell levels left.
You didn't know any spells.

Dungeon Overview and Level Annotations

Branches:
Dungeon (4/15)
 Temple: D:4-7

Altars:

Annotations:
D:4 Grinder


Innate Abilities, Weirdness & Mutations

You cannot be hasted, slowed, berserked, paralysed or teleported.
You can dig through walls and to a lower floor.
Your four strong arms can wield two-handed weapons with a shield.
You have a pair of large antennae on your head. (SInv)


Message History

You slash Menkaure!
You destroy Menkaure!
Your Axes skill increases to level 5!
You closely miss Grinder. Grinder hits you but does no damage.
You slash Grinder!
Grinder is moderately wounded.
Grinder hits you but does no damage. Grinder hits you.
You writhe in agony.
* * * LOW HITPOINT WARNING * * *
Unknown command.
It was a potion of brilliance.
You feel clever all of a sudden. Grinder hits you.
* * * LOW HITPOINT WARNING * * *
You writhe in agony.
* * * LOW HITPOINT WARNING * * *
It was a potion of resistance.
You feel protected. Grinder gestures at you. Pain shoots through your body!
You die...

#..........#......#
###..........+......+
........######......#
###.....#...........#
..#.....#...........#
........#...........#
#.......#........!..#
.......#.!.........#
#.......#......5@...#
........#.[.......!##
........####......(#
####+### #.......#
#..?(...# {#.......#
####.# #.......#
.....# #..(....#
####.#


You could see Grinder.

Vanquished Creatures
  Menkaure (D:4)
  The ghost of Tr0llz0r the Skirmisher, an amateur DsAK of Lugonu (D:3)
  A scorpion (D:4)
  Crazy Yiuf (D:2)
  An orc wizard (D:4)
  Jessica (D:2)
  Ijyb (D:3)
  Robin (D:2)
  9 adders
  A shadow imp (D:4)
  2 worms
  A dart slug (D:3)
  2 leopard geckos (D:2)
  4 orcs
  A giant cockroach (D:4)
  21 goblins
  8 hobgoblins
  4 kobolds
  2 quokkas
  A ball python (D:1)
  2 bats (D:2)
  2 frilled lizards
  9 rats
77 creatures vanquished.

Notes
Turn   | Place    | Note
-------+----------+-------------------------------------------
     0 | D:1      | vatarom the Formicid Fighter began the quest for the Orb.
     0 | D:1      | Reached XP level 1. HP: 18/18 MP: 1/1
   131 | D:1      | Reached XP level 2. HP: 20/24 MP: 2/2
   345 | D:2      | Reached XP level 3. HP: 22/29 MP: 3/3
   612 | D:2      | Reached skill level 4 in Shields
   707 | D:2      | Noticed Robin
   714 | D:2      | Reached XP level 4. HP: 29/37 MP: 4/4
   725 | D:2      | Killed Robin
   923 | D:2      | Found a runed door.
  1024 | D:2      | Noticed Crazy Yiuf
  1035 | D:2      | Killed Crazy Yiuf
  1035 | D:2      | Reached XP level 5. HP: 18/42 MP: 5/5
  1351 | D:2      | Noticed Jessica
  1355 | D:2      | Killed Jessica
  1355 | D:2      | Reached skill level 5 in Shields
  1495 | D:3      | Noticed Tr0llz0r's ghost (amateur DsAK)
  1506 | D:3      | Killed Tr0llz0r's ghost
  1506 | D:3      | Reached XP level 6. HP: 41/49 MP: 6/6
  1699 | D:3      | Noticed Ijyb
  1727 | D:3      | Killed Ijyb
  2189 | D:4      | Reached skill level 6 in Shields
  2189 | D:4      | Reached XP level 7. HP: 31/55 MP: 7/7
  2618 | D:4      | Noticed Menkaure
  2622 | D:4      | Noticed Grinder
  2628 | D:4      | Killed Menkaure
  2628 | D:4      | Reached skill level 5 in Axes
  2631 | D:4      | HP: 1/55 [Grinder (6)]
  2632 | D:4      | Killed from afar by Grinder

Skill      XL: |  1  2  3  4  5  6  7 |
---------------+----------------------+-----
Shields        | 4 5 6 |  6.5
Axes           | 3 4 5 |  5.1
Fighting       | 4 |  4.9
Armour         | |  3.4

Action                   |  1- 3 |  4- 6 |  7- 9 || total
-------------------------+-------+-------+-------++-------
Melee: War axe           |    69 |   167 |    37 ||   273
  Use: Potion            |       |     3 |     3 ||     6
       Scroll            |       |     1 |     1 ||     2
  Eat: Ration            |       |     2 |       ||     2
Armor: Scale mail        |    35 |    70 |    12 ||   117
Dodge: Dodged            |    23 |    61 |     8 ||    92
Block: Shield            |    37 |   100 |    15 ||   152
